 Dungeon Crawl Stone Soup version 0.31.0-12-g77e489cdc1 (webtiles) character file.

Game seed: 6998558150382553386

268 spaghetti the Ruffian (level 6, 0/39 HPs)
             Began as a Naga Shapeshifter on Feb 21, 2024.
             Slain by a gnoll
             ... wielding a +0 club
              (6 damage)
             ... on level 3 of the Dungeon.
             The game lasted 00:02:32 (2112 turns).

spaghetti the Ruffian (Naga Shapeshifter)           Turns: 2112, Time: 00:02:33

Health: 0/39       AC:  4    Str: 18 (19) XL:     6   Next: 21%
Magic:  6/6        EV: 13    Int:  7 (10) God:
Gold:   135        SH:  0    Dex:  9 (10) Spells: 5/5 levels left

rFire   + .          .
                       - Unarmed
rCold   . . .        (shield currently unavailable)
rNeg    . . .        a - melded +0 animal skin
rPois   +            (no helmet)
rElec   .            y - +1 cloak
rCorr   .            (no gloves)
SInv    +            (no barding)
Will    .....        (no amulet)
Stlth   +            m - ring of protection from fire
HPRegen 0.26/turn    n - +4 ring of slaying
MPRegen 0.10/turn

%: no passive effects
@: flux-form, glowing, very slow
A: glow, contaminating, reduced hp, AC +2, large, see invisible, deformed body,
poison resistance, slowness 2, spit poison 1, naga tail 1
a: Spit Poison, Begin Untransformation


You were on level 3 of the Dungeon.
You were something dangerously unstable.
You visited 1 branch of the dungeon, and saw 3 of its levels.

You collected 135 gold pieces.

Inventory:

Armour
 a - a +0 animal skin (melded)
 i - a +0 plate armour
 y - a +1 cloak (worn)
Jewellery
 m - a ring of protection from fire (left hand)
 n - a +4 ring of slaying (right hand)
 u - a ring of resist corrosion
Talismans
 c - a beast talisman
 d - a flux talisman (active)
Wands
 p - a wand of flame (12)
 r - a wand of polymorph (7)
Scrolls
 f - 3 scrolls of teleportation {unknown}
 g - a scroll of amnesia {unknown}
 h - a scroll of fog {unknown}
 k - 4 scrolls of identify {unknown}
 o - 4 scrolls of vulnerability {unknown}
 q - a scroll of silence {unknown}
 v - a scroll of fear {unknown}
 w - a scroll of blinking {unknown}
 x - a scroll of immolation {unknown}
Potions
 b - a potion of lignification
 j - 4 potions of heal wounds {unknown}
 l - a potion of might {unknown}
 s - 2 potions of curing {unknown}
 t - a potion of enlightenment {unknown}


   Skills:
 - Level 1.0 Fighting
 - Level 1.5 Dodging
 + Level 5.3 Unarmed Combat
 + Level 4.8 Shapeshifting


You had 5 spell levels left.
You didn't know any spells.
Your spell library contained the following spells:

 Spells                   Type           Power      Damage    Failure   Level
 Fugue of the Fallen      Necr           0%         N/A       80%         3
 Ozocubu's Armour         Ice            0%         N/A       80%         3
 Stone Arrow              Conj/Erth      0%         3d7       80%         3
 Tukima's Dance           Hex            0%         N/A       80%         3
 Animate Armour           Summ/Erth      0%         N/A       99%         4
 Dimensional Bullseye     Hex/Tloc       0%         N/A       99%         4
 Iskenderun's Mystic Bla  Conj/Tloc      0%         2d3       99%         4
 Manifold Assault         Tloc           0%         N/A       99%         4
 Lehudib's Crystal Spear  Conj/Erth      0%         10d2      100%        8


Dungeon Overview and Level Annotations

Branches:
Dungeon (3/15)

Altars:
Cheibriados
Fedhas
Okawaru


Innate Abilities, Weirdness & Mutations

You are something dangerously unstable.
You glow with magical radiation, making you easy to see and hit.
Foes you strike become dangerously contaminated with magical radiation.
Your maximum health is decreased, since you lack skill for your form.
You are incapable of wielding weapons or throwing items.
Your serpentine skin is tough. (AC +2)
You have supernaturally acute eyesight. (SInv)
Armour fits poorly on your strangely shaped body.
Your system is resistant to poisons. (rPois)
You cover ground very slowly.
You can spit poison.
You have a snake-like lower body.


Message History

You are too injured to fight recklessly!
You are too injured to fight recklessly!
You are too injured to fight recklessly!
You are too injured to fight recklessly!
You are too injured to fight recklessly!
You are too injured to fight recklessly!
You are too injured to fight recklessly!
You are too injured to fight recklessly!
You are too injured to fight recklessly!
You are too injured to fight recklessly!
You are too injured to fight recklessly!
Unknown command.
You are too injured to fight recklessly!
You hit the ufetubus.
The ufetubus glows dangerously bright.
The ufetubus is severely wounded.
The ufetubus barely misses you. The ufetubus closely misses you.
The ufetubus misses you. The ufetubus hits you.
The gnoll hits you but does no damage.
You closely miss the ufetubus.
The ufetubus is severely wounded.
The ufetubus hits you. The ufetubus closely misses you.
The ufetubus misses you. The ufetubus hits you.
The gnoll hits you with a +0 club. The ufetubus hits you. x2
You hit the ufetubus.
The ufetubus shudders as magic cascades through it.
You kill the ufetubus!
You have got your breath back.
The ufetubus closely misses you. The ufetubus hits you.
* * * LOW HITPOINT WARNING * * *
The gnoll hits you from afar with a +0 spear.
* * * LOW HITPOINT WARNING * * *
Unknown command.
It was a potion of degeneration.
There was something very wrong with that liquid.
You feel weakened.
You feel dopey.
You feel clumsy. The ufetubus closely misses you.
The ufetubus hits you but does no damage.
The gnoll misses you. The gnoll hits you but does no damage.
The gnoll hits you with a +0 club.
You die...

#......g##. #._.#
..#.###.#
#..8888.##.###...#
#.##..#
#..8............##
##....##
#..8._..###.##..#
#..#### ...8....#
#....## ##.##
........###.#..#
#..#
#####....g#.##.#
#.## #####.gg#..#
#.# ###p..## ##.#
#.5.# #..# #..##
##.## #..#
#...#### #..#
#._....# #. #..#
#...##.###. #..#
##.......#. #...
#.###.#.#. #...
#.# #...#.


You could see 3 gnolls and an ufetubus.

Vanquished Creatures
  Sigmund (D:3)
  Terence (D:3)
  An adder (D:2)
  A gnoll (D:3)
  An ufetubus (D:3)
  6 ball pythons
  5 bats
  4 endoplasms
  2 giant cockroaches (D:3)
  7 goblins
  4 hobgoblins
  6 jackals
  3 quokkas
  4 frilled lizards
  4 kobolds
  8 rats
58 creatures vanquished.

Notes
Turn   | Place    | Note
-------+----------+-------------------------------------------
     0 | D:1      | spaghetti the Naga Shapeshifter began the quest for the
                  | Orb.
     0 | D:1      | Reached XP level 1. HP: 18/18 MP: 1/1
   160 | D:1      | Reached XP level 2. HP: 25/25 MP: 2/2
   624 | D:2      | Reached XP level 3. HP: 27/31 MP: 3/3
   989 | D:2      | Reached skill level 4 in Unarmed Combat
  1277 | D:3      | Noticed Terence
  1284 | D:3      | Killed Terence
  1285 | D:3      | Reached XP level 4. HP: 10/38 MP: 4/4
  1454 | D:3      | Noticed Sigmund
  1459 | D:3      | Killed Sigmund
  1460 | D:3      | Reached skill level 5 in Unarmed Combat
  1460 | D:3      | Reached XP level 5. HP: 28/44 MP: 5/5
  1460 | D:3      | Reached XP level 6. HP: 33/51 MP: 6/6
  1725 | D:3      | Found a faded altar of an unknown god.
  2014 | D:3      | Found an iron altar of Okawaru.
  2066 | D:3      | Found a blossoming altar of Fedhas.
  2094 | D:3      | Found a snail-covered altar of Cheibriados.
  2112 | D:3      | Slain by a gnoll

Illustrated notes

Levels and vault maps discovered:
D:1:      dpeg_arrival_rooms_a, layout_rooms, solitary_fountain
D:2:      layout_basic, minmay_fractal_squares_gapless_5
D:3:      minmay_skewed_foursquare, layout_loops_ring,
          mainiacjoe_overflow_chevrons, mainiacjoe_overflow_catch_the_wave,
          basic_ecumenical_altar, chequers_serial_rivers_small_a, uniq_terence,
          uniq_sigmund

Skill      XL: |  1  2  3  4 |
---------------+-------------+-----
Unarmed Combat | 4 5 |  5.3
Shapeshifting  | 4 |  4.8
Fighting       | |  1.0
Dodging        | |  1.5

Action                     |  1- 3 |  4- 6 || total
---------------------------+-------+-------++-------
  Melee: Unarmed           |    65 |    33 ||    98
         Punch             |     3 |       ||     3
Ability: Spit Poison       |    20 |    13 ||    33
    Use: Potion            |       |     1 ||     1
 Armour: Animal skin       |    48 |       ||    48
         Skin              |     5 |    23 ||    28
  Dodge: Dodged            |    43 |    32 ||    75
   Form: Flux              |     1 |       ||     1
